 Dungeon Crawl Stone Soup version 0.23.2-40-g277498a001 (webtiles) character file.

Game seed: 9682238918122974706

21947 Glamhuggeren the Bludgeoner (level 12, 0/101 HPs)
             Began as a Minotaur Fighter on Oct 10, 2019.
             Was a High Priest of Okawaru.
             Slain by a fire crab (12 damage)
             ... on level 13 of the Dungeon on Oct 11, 2019.
             The game lasted 01:10:20 (14392 turns).

Glamhuggeren the Bludgeoner (Minotaur Fighter)     Turns: 14392, Time: 01:10:21

Health: 0/101      AC: 22    Str: 23    XL:     12   Next: 58%
Magic:  12/14      EV: 10    Int:  5    God:    Okawaru [*****.]
Gold:   366        SH: 15    Dex: 13    Spells: 11/11 levels left

rFire    . . .     SeeInvis .   e - +6 morningstar
rCold    . . .     Gourm    .   c - +0 shield
rNeg     . . .     Faith    .   k - +2 plate armour {MR+}
rPois    .         Spirit   .   (helmet restricted)
rElec    .         Reflect  .   z - +0 cloak
rCorr    .         Harm     .   (no gloves)
MR       +....                  g - +0 pair of boots
Stlth    ..........             (no amulet)
HPRegen  0.26/turn              (no ring)
MPRegen  0.14/turn              (no ring)

@: heroism
A: retaliatory headbutt, horns 2
a: Heroism, Finesse, Renounce Religion


You were on level 13 of the Dungeon.
You worshipped Okawaru.
Okawaru was extremely pleased with you.
You were hungry.

You visited 2 branches of the dungeon, and saw 14 of its levels.

You collected 846 gold pieces.
You spent 480 gold pieces at shops.

Inventory:

Hand Weapons
 a - a +1 flail of protection
 b - a +0 hunting sling
 e - a +6 morningstar (weapon)
 M - a +1 mace of holy wrath
Missiles
 i - 266 stones
 v - 18 tomahawks
 A - 101 sling bullets
 G - 5 steel javelins (quivered)
Armour
 c - a +0 shield (worn)
 g - a +0 pair of boots (worn)
 k - a +2 plate armour of magic resistance (worn)
 z - a +0 cloak (worn)
 E - a +2 crystal plate armour
 I - a +0 large shield
 K - a scarf of cloud immunity
Jewellery
 n - an uncursed ring of ice
Wands
 h - a wand of flame (11)
 w - a wand of paralysis (22)
 x - a wand of clouds (7)
 y - a wand of iceblast (18)
 F - a wand of polymorph (10)
 H - a wand of acid (14)
Scrolls
 l - 5 scrolls of identify
 m - a scroll of amnesia
 o - 4 scrolls of remove curse
 u - 3 scrolls of magic mapping
 B - 4 scrolls of teleportation
 J - 3 scrolls of enchant weapon
Potions
 d - a potion of haste
 p - 2 potions of might
 q - 4 potions of flight
 r - 2 potions of brilliance {unknown}
 s - a potion of heal wounds {unknown}
 t - a potion of degeneration {unknown}
 C - 2 potions of curing
Miscellaneous
 j - a phantom mirror
Comestibles
 f - 30 rations


   Skills:
 - Level 8.0(13.0) Fighting
 - Level 16.0(21.0) Maces & Flails
 + Level 0.2(5.2) Slings
 - Level 10.1(15.1) Armour
 * Level 13.9(18.9) Shields
 + Level 4.4 Invocations


You had 11 spell levels left.
You didn't know any spells.
Your spell library contained the following spells:

 Spells                   Type           Power        Failure   Level  Hunger
 Flame Tongue             Conj/Fire      #....        99%         1    ##.....
 Magic Dart               Conj           #...         99%         1    ##.....
 Sandblast                Erth           #.....       99%         1    ##.....
 Blink                    Tloc           N/A          100%        2    ###....
 Call Imp                 Summ           #.......     100%        2    ###....
 Passwall                 Tmut/Erth      #.......     100%        2    ###....
 Poisonous Vapours        Pois/Air       #.....       100%        2    ###....
 Slow                     Hex            #.......     100%        2    ###....
 Throw Flame              Conj/Fire      #.....       100%        2    ###....
 Conjure Flame            Conj/Fire      #.......     100%        3    ####...
 Inner Flame              Hex/Fire       #.......     100%        3    ####...
 Mephitic Cloud           Conj/Pois/Air  #.......     100%        3    ####...
 Stone Arrow              Conj/Erth      #.....       100%        3    ####...
 Petrify                  Tmut/Erth      #.......     100%        4    #####..
 Sticky Flame             Conj/Fire      #.......     100%        4    #####..
 Fireball                 Conj/Fire      #.........   100%        5    ######.
 Lee's Rapid Deconstruct  Erth           #.........   100%        5    ######.
 Freezing Cloud           Conj/Ice/Air   #.........   100%        6    #######
 Ring of Flames           Chrm/Fire      #.........   100%        7    #######


Dungeon Overview and Level Annotations

Branches:
Dungeon (13/15)            Temple (1/1) D:4            Lair (0/6) D:11
    Orc (0/2) D:12
 Vaults: D:13-14

Altars:
Ashenzari
Cheibriados
Dithmenos
Elyvilon
Fedhas
Gozag
Hepliaklqana
Kikubaaqudgha
Makhleb
Nemelex Xobeh
Okawaru
Qazlal
Ru
Sif Muna
Trog
Uskayaw
Vehumet
Wu Jian
Xom
Yredelemnul
Zin
The Shining One

Shops:
D:5 [

Annotations:
D:8 3 runed translucent doors, Emblim88's ghost, novice MiSk


Innate Abilities, Weirdness & Mutations

You reflexively headbutt those who attack you in melee.
You have a pair of horns on your head.


Message History

Really walk into that cloud of flame?
You are engulfed in blazing flames.
* * * LOW HITPOINT WARNING * * *
The fire crab bites you but does no damage.
The fire crab claws you but does no damage.
You bludgeon the fire crab!! You headbutt the fire crab.
The fire crab is heavily wounded.
You are engulfed in blazing flames.
The fire crab breathes flames at you.
The blast of flame engulfs you but does no damage.
You barely miss the fire crab.
The fire crab is heavily wounded.
You are engulfed in blazing flames.
* * * LOW HITPOINT WARNING * * *
You barely miss the fire crab. Your headbutt misses the fire crab.
The fire crab is heavily wounded.
The fire crab bites you!
* * * LOW HITPOINT WARNING * * *
You are engulfed in flames!
You die...

. ..#### ..>..#
###########°#
..##.#######.'.°@t°°°°°#
........°....###########
..#....°##### #.#)....#
#.#.....### #.........#
#########.# #.####
#....#


You could see a fire crab.

Vanquished Creatures
  Snorg (D:11)
  Harold (D:9)
  A centaur warrior (D:11)
  Erica (D:8)
  3 two-headed ogres
  2 unseen horrors
  6 ugly things
  4 manticores
  A centaur zombie (D:12)
  Maurice (D:8)
  A gargoyle (D:10)
  2 komodo dragons (D:11)
  5 trolls
  Grinder (D:5)
  9 slime creatures
  5 hippogriffs
  Sigmund (D:2)
  A spriggan (D:7)
  3 wyverns
  3 yaks
  Grum (D:9)
  An acid dragon (D:11)
  A water moccasin (D:11)
  Edmund (D:5)
  5 orc warriors
  3 ice beasts
  5 sky beasts
  A phantom (D:13)
  5 ogres
  3 wolves (D:9)
  5 centaurs
  2 necrophages
  A big kobold (D:11)
  A wyvern zombie (D:12)
  5 bullfrogs
  A gnoll sergeant (D:8)
  3 scorpions
  6 wights (D:11)
  3 howler monkeys
  5 crimson imps
  A bullfrog zombie (D:12)
  3 hounds
  3 jellies
  4 orc priests
  Ijyb (D:3)
  2 bullfrog skeletons
  2 iguanas
  15 orc wizards
  12 worker ants
  A killer bee zombie (D:7)
  A hound skeleton (D:11)
  2 worker ant zombies (D:7)
  15 gnolls
  4 adders
  5 shadow imps
  An ooze (D:1)
  2 adder zombies
  An adder skeleton (D:4)
  3 worms (D:2)
  4 dart slugs
  4 leopard geckos
  63 orcs
  8 giant cockroaches
  6 hobgoblins
  7 jackals
  7 quokkas
  2 ball pythons
  3 bats
  3 frilled lizards
  4 goblins
  2 jackal skeletons (D:5)
  10 kobolds
  2 quokka skeletons
  A quokka zombie (D:5)
  8 rats
322 creatures vanquished.

Vanquished Creatures (others)
  An orc wizard (D:12)
  A kobold (D:12)
2 creatures vanquished.

Grand Total: 324 creatures vanquished

Notes
Turn   | Place    | Note
-------+----------+-------------------------------------------
     0 | D:1      | Glamhuggeren the Minotaur Fighter began the quest for the
                  | Orb.
     0 | D:1      | Reached XP level 1. HP: 19/19 MP: 0/0
   200 | D:1      | Reached XP level 2. HP: 21/27 MP: 1/1
   212 | D:1      | Reached skill level 3 in Maces & Flails
   526 | D:1      | Reached XP level 3. HP: 32/33 MP: 2/2
   613 | D:1      | You fall through a shaft!
   985 | D:2      | Noticed Sigmund
  1002 | D:2      | Killed Sigmund
  1002 | D:2      | Reached skill level 5 in Maces & Flails
  1002 | D:2      | Reached skill level 5 in Shields
  1002 | D:2      | Reached XP level 4. HP: 4/40 MP: 3/3
  1002 | D:2      | Reached XP level 5. HP: 5/46 MP: 4/4
  1546 | D:3      | Noticed Ijyb
  1559 | D:3      | Killed Ijyb
  1559 | D:3      | Reached skill level 6 in Maces & Flails
  1661 | D:3      | Found a shattered altar of Ashenzari.
  1843 | D:3      | Reached XP level 6. HP: 47/52 MP: 5/5
  1894 | D:3      | Found an ornate altar of the Wu Jian Council.
  2396 | D:4      | Reached skill level 7 in Maces & Flails
  2660 | D:4      | Reached XP level 7. HP: 26/59 MP: 6/6
  2886 | D:4      | Found a hazy altar of Hepliaklqana.
  3246 | D:4      | Found a staircase to the Ecumenical Temple.
  3255 | Temple   | Entered the Ecumenical Temple
  3568 | Temple   | Became a worshipper of Warmaster Okawaru
  3650 | D:5      | Entered Level 5 of the Dungeon
  3700 | D:5      | Noticed Edmund
  3721 | D:5      | Reached skill level 8 in Maces & Flails
  3730 | D:5      | Killed Edmund
  4246 | D:5      | Reached skill level 9 in Maces & Flails
  4399 | D:5      | Noticed Grinder
  4412 | D:5      | Reached XP level 8. HP: 56/66 MP: 7/7
  4419 | D:5      | Reached * piety under Okawaru
  4428 | D:5      | Paralysed by Grinder for 3 turns
  4436 | D:5      | Killed Grinder
  4436 | D:5      | Reached skill level 10 in Maces & Flails
  4963 | D:5      | Found Keiga's Armour Boutique.
  6073 | D:7      | Reached skill level 11 in Maces & Flails
  6358 | D:7      | Reached skill level 12 in Maces & Flails
  6589 | D:7      | Reached ** piety under Okawaru
  6589 | D:7      | Reached XP level 9. HP: 71/71 MP: 8/8
  6717 | D:7      | Found a shadowy altar of Dithmenos.
  7338 | D:8      | Found a runed translucent gate.
  7338 | D:8      | Noticed a purple ugly thing
  7339 | D:8      | Found a runed translucent gate.
  7340 | D:8      | Found a runed translucent gate.
  7341 | D:8      | Noticed a white ugly thing
  7342 | D:8      | Noticed a white ugly thing
  7372 | D:8      | Noticed Maurice
  7387 | D:8      | Killed Maurice
  7387 | D:8      | Reached skill level 13 in Maces & Flails
  7387 | D:8      | Reached skill level 5 in Armour
  7871 | D:8      | Noticed Erica
  7900 | D:8      | Killed Erica
  7900 | D:8      | Reached *** piety under Okawaru
  7900 | D:8      | Reached skill level 14 in Maces & Flails
  8178 | D:8      | Found a burning altar of Makhleb.
  8569 | D:9      | Noticed Grum
  8576 | D:9      | Reached XP level 10. HP: 68/80 MP: 9/9
  8588 | D:9      | Killed Grum
  8593 | D:9      | Noticed Harold
  8604 | D:9      | Killed Harold
  8604 | D:9      | Reached **** piety under Okawaru
  8604 | D:9      | Reached skill level 5 in Fighting
  9336 | D:10     | Entered Level 10 of the Dungeon
  9375 | D:10     | Noticed a two-headed ogre
  9385 | D:10     | Killed a two-headed ogre
  9385 | D:10     | Received a gift from Okawaru
  9385 | D:10     | Reached skill level 10 in Shields
  9493 | D:10     | Reached ***** piety under Okawaru
  9727 | D:10     | Noticed a gargoyle
  9738 | D:10     | Killed a gargoyle
 10331 | D:11     | Noticed Snorg
 10415 | D:11     | Reached XP level 11. HP: 54/92 MP: 10/10
 10641 | D:11     | Noticed a two-headed ogre
 11115 | D:5      | Bought a +2 plate armour of magic resistance for 480 gold
                  | pieces
 11280 | D:11     | Killed a two-headed ogre
 11337 | D:11     | Killed an unseen horror
 11571 | D:11     | Killed Snorg
 11571 | D:11     | Reached skill level 10 in Armour
 11698 | D:11     | Noticed a red ugly thing
 11715 | D:11     | Killed a red ugly thing
 11803 | D:11     | Received a gift from Okawaru
 12269 | D:11     | Found a staircase to the Lair.
 12544 | D:12     | Noticed a purple ugly thing
 12554 | D:11     | Reached skill level 1 in Invocations
 12563 | D:11     | Killed a purple ugly thing
 12585 | D:12     | Noticed a cyan ugly thing
 12954 | D:8      | Killed a brown ugly thing
 12963 | D:8      | Killed a cyan ugly thing
 12963 | D:8      | Reached skill level 15 in Maces & Flails
 12968 | D:8      | Killed a green ugly thing
 12968 | D:8      | Reached XP level 12. HP: 83/101 MP: 5/12
 12978 | D:8      | Found a runed translucent gate.
 12978 | D:8      | Found a runed translucent gate.
 12984 | D:8      | Noticed Emblim88's ghost (novice MiSk)
 12988 | D:8      | Found a runed translucent gate.
 13045 | D:12     | Noticed a centaur warrior
 13595 | D:11     | Killed a centaur warrior
 13767 | D:12     | Received a gift from Okawaru
 14023 | D:12     | Noticed a two-headed ogre
 14035 | D:12     | Killed a two-headed ogre
 14042 | D:12     | Found a staircase to the Orcish Mines.
 14232 | D:13     | Reached skill level 16 in Maces & Flails
 14376 | D:13     | Found a runed translucent door.
 14392 | D:13     | Slain by a fire crab

Skill      XL: |  1  2  3  4  5  6  7  8  9 10 11 12 |
---------------+-------------------------------------+-----
Maces & Flails | 3 5 6 7 9 12 14 15 16 | 16.0
Armour         | 4 7 9 10 | 10.1
Fighting       | 4 7 8 |  8.0
Shields        | 5 6 7 10 12 13 | 13.9
Invocations    | 2 4 |  4.4
Slings         | |  0.2

Action                   |  1- 3 |  4- 6 |  7- 9 | 10-12 || total
-------------------------+-------+-------+-------+-------++-------
Melee: Flail             |    95 |   110 |   343 |   614 ||  1162
       Headbutt          |    18 |    15 |    57 |   169 ||   259
       Morningstar       |       |       |       |    38 ||    38
 Fire: Hunting sling     |       |       |       |     7 ||     7
Throw: Stone             |     2 |     4 |     1 |       ||     7
       Throwing net      |       |       |     2 |     6 ||     8
       Tomahawk          |       |       |       |     8 ||     8
       Javelin           |       |       |       |     2 ||     2
Invok: Heroism           |       |       |     5 |    22 ||    27
       Finesse           |       |       |       |     1 ||     1
  Use: Potion            |     1 |       |     6 |     3 ||    10
       Scroll            |       |       |     4 |    10 ||    14
 Stab: Invisible         |       |       |     2 |     1 ||     3
       Held in net/web   |       |       |       |     4 ||     4
  Eat: Chunk             |       |     6 |     8 |    15 ||    29
       Ration            |       |       |     3 |     1 ||     4
Armor: Scale mail        |     5 |       |       |    44 ||    49
       Ring mail         |    28 |    36 |     3 |       ||    67
       Leather armour    |       |       |    74 |    18 ||    92
       Plate armour      |       |       |       |   224 ||   224
Dodge: Dodged            |    26 |    31 |    80 |   149 ||   286
Block: Shield            |    32 |    44 |   162 |   394 ||   632
